 Dungeon Crawl Stone Soup version 0.29-a0-23-ga79f92ac9c (webtiles) character file.

Game seed: 15893287972670819428

108620 mcbry74 the Brawler (level 16, -2/144 HPs)
             Began as a Troll Gladiator on Jan 30, 2022.
             Was the Champion of Okawaru.
             Slain by a redback (10 damage)
             ... on level 1 of the Spider Nest on Jan 31, 2022.
             The game lasted 02:47:00 (26748 turns).

mcbry74 the Brawler (Troll Gladiator)              Turns: 26748, Time: 02:47:00

Health: -2/144     AC: 15    Str: 26    XL:     16   Next: 3%
Magic:  16/20      EV: 11    Int: 12    God:    Okawaru [******]
Gold:   946        SH:  0    Dex: 15    Spells: 11/15 levels left

rFire   . . .      SeeInvis .     - Unarmed
rCold   . . .      Faith    .   k - +1 kite shield {AC+3}
rNeg    + + .      Spirit   .   B - +2 troll leather armour
rPois   +          Reflect  .   b - +0 hat
rElec   .          Harm     .   e - +2 cloak of Tenacity {rN+ Str-2 Dex+2}
rCorr   +          Rampage  .   (gloves unavailable)
Will    ++...                   (boots unavailable)
Stlth   ..........              p - amulet "Pul Irak" {rN+ Will+ Regen+ Dex+2 Stlth-}
HPRegen 2.74/turn               I - ring of resist corrosion
MPRegen 0.17/turn               J - ring of poison resistance

@: confused, finesse-ful, spiked
A: large, unfitting armour, claws 3, regeneration 1, shaggy fur 1, tough skin 1,
clever 1, strong 1
a: Renounce Religion, Heroism, Finesse, Duel


You were on level 1 of the Spider Nest.
You worshipped Okawaru.
Okawaru was exalted by your worship.
You visited 5 branches of the dungeon, and saw 25 of its levels.
You also visited: Ice Cave.

You collected 2593 gold pieces.
You spent 1647 gold pieces at shops.

Inventory:

Hand Weapons
 w - the +6 flail of Magnificence {holy, rN+ Str+2 Stlth+}
   (You took it off a centaur warrior on level 14 of the Dungeon)

   It has been blessed by the Shining One to cause great damage to the undead
   and demons.
   Str:       It affects your strength (+2).
   rN:        It protects you from negative energy.
   Stlth:     It makes you more stealthy.
 K - a +3 antimagic morningstar
 N - the +7 whip of the Beginning {vorpal, Fly rF++ Int-4}
   (You found it on level 11 of the Dungeon)

   It inflicts extra damage upon your enemies.
   Int:       It affects your intelligence (-4).
   rF:        It greatly protects you from fire.
   Fly:       It grants you flight.
 O - a +2 eveningstar of holy wrath
Missiles
 c - 9 throwing nets
 D - 14 boomerangs
 F - 44 large rocks (quivered)
 M - 3 silver boomerangs
 W - 18 javelins
Armour
 b - a +0 hat (worn)
 e - the +2 cloak of Tenacity (worn) {rN+ Str-2 Dex+2}
   (Okawaru gifted it to you on level 5 of the Lair of Beasts)

   Str:       It affects your strength (-2).
   Dex:       It affects your dexterity (+2).
   rN:        It protects you from negative energy.
 k - a +1 kite shield of protection (worn)
 B - a +2 troll leather armour (worn)
Jewellery
 p - the amulet "Pul Irak" (around neck) {rN+ Will+ Regen+ Dex+2 Stlth-}
   (You acquired it on level 10 of the Dungeon)

   [amulet of regeneration]

   Dex:       It affects your dexterity (+2).
   rN:        It protects you from negative energy.
   Regen:     It increases your rate of health regeneration.
   Will:      It increases your willpower.
   Stlth:     It makes you less stealthy.
 r - a ring of protection from cold
 t - a ring of see invisible
 v - the ring "Zoutoep" {Dex+2 SInv}
   (You bought it in a shop on level 2 of the Orcish Mines)

   [ring of see invisible]

   Dex:       It affects your dexterity (+2).
   SInv:      It lets you see invisible.
 y - a ring of protection from fire
 E - a ring of fire
 I - a ring of resist corrosion (left claw)
 J - a ring of poison resistance (right claw)
Wands
 i - a wand of acid (3)
 q - a wand of mindburst (9)
 G - a wand of flame (25)
 H - a wand of paralysis (9)
 R - a wand of iceblast (20)
Scrolls
 a - 3 scrolls of holy word
 f - a scroll of summoning
 g - 14 scrolls of teleportation
 h - 7 scrolls of blinking
 n - 7 scrolls of fog
 o - a scroll of amnesia
 A - 3 scrolls of magic mapping
Potions
 j - 3 potions of curing
 l - 2 potions of heal wounds
 m - a potion of brilliance
 s - a potion of flight
 z - 2 potions of resistance
 S - 4 potions of haste
 U - 2 potions of ambrosia
 V - a potion of might
 Y - a potion of invisibility
Miscellaneous
 d - a piece from Xom's chessboard (15/15)
 L - a phantom mirror
 P - a lightning rod (4/4)
 Q - a phial of floods


   Skills:
 - Level 6.0 Fighting
 - Level 9.0 Maces & Flails
 + Level 7.9 Throwing
 + Level 6.3 Armour
 + Level 7.0 Dodging
 - Level 9.6 Shields
 + Level 15.4 Unarmed Combat
 - Level 5.5 Transmutations
 + Level 5.6 Earth Magic
 + Level 6.9 Invocations
 - Level 5.0 Evocations


You had 11 spell levels left.
You knew the following spells:

 Your Spells              Type           Power      Damage    Failure   Level
a - Wereblood             Tmut           13%        N/A       11%         2
b - Passwall              Tmut/Erth      10%        N/A       11%         2

Your spell library contained the following spells:

 Spells                   Type           Power      Damage    Failure   Level
 Sandblast                Erth           26%        2d8       7%          1
 Sting                    Tmut/Pois      24%        1d4       22%         1
 Stone Arrow              Conj/Erth      12%        3d7       54%         3
 Magic Dart               Conj           0%         1d3       56%         1
 Spider Form              Tmut/Pois      6%         N/A       56%         3
 Ignite Poison            Fire/Tmut/Pois 4%         N/A       69%         3
 Ensorcelled Hibernation  Hex/Ice        0%         N/A       71%         2
 Poisonous Vapours        Pois/Air       0%         N/A       71%         2
 Sublimation of Blood     Necr           0%         N/A       71%         2
 Gell's Gravitas          Tloc           0%         N/A       91%         3
 Lesser Beckoning         Tloc           0%         N/A       91%         3
 Mephitic Cloud           Conj/Pois/Air  0%         N/A       91%         3
 Portal Projectile        Hex/Tloc       0%         N/A       91%         3
 Teleport Other           Tloc           0%         N/A       91%         3
 Leda's Liquefaction      Hex/Erth       3%         N/A       91%         4
 Anguish                  Hex/Necr       0%         N/A       100%        4
 Olgreb's Toxic Radiance  Pois           0%         N/A       100%        4
 Freezing Cloud           Conj/Ice/Air   0%         6-21      100%        5
 Dispersal                Tloc           0%         N/A       100%        6
 Call Imp                 Summ           Unusable   N/A       N/A         2
 Call Canine Familiar     Summ           Unusable   N/A       N/A         3
 Summon Hydra             Summ           Unusable   N/A       N/A         7

Dungeon Overview and Level Annotations

Branches:
Dungeon (15/15)            Temple (1/1) D:5            Lair (6/6) D:10
 Shoals (0/4) Lair:3       Spider (1/4) Lair:4        Slime (0/5) Lair:5
    Orc (2/2) D:12            Elf (0/3) Orc:2        Vaults (0/5) D:14
 Depths (0/4) D:15          IceCv (visited)

Altars:
Ashenzari
Cheibriados
Dithmenos
Elyvilon
Fedhas
Gozag
Hepliaklqana
Kikubaaqudgha
Makhleb
Nemelex Xobeh
Okawaru
Qazlal
Ru
Sif Muna
Trog
Uskayaw
Vehumet
Wu Jian
Xom
Yredelemnul
Zin
The Shining One
Jiyva

Shops:
D:12 [   D:13 *   Orc:2 ![!?[=[(

Annotations:
Lair:5 1 runed translucent door


Innate Abilities, Weirdness & Mutations

You are too large for most types of armour.
You have claws for hands.
Your natural rate of healing is unusually fast.
You are covered in fur. (AC +1)
You have tough skin. (AC +1)
Your mind is acute. (Int +2)
Your muscles are strong. (Str +2)


Message History

* * * LOW HITPOINT WARNING * * *
You are confused.
The tarantella touches you.
* * * LOW HITPOINT WARNING * * *
You bump into the rock wall.
The redback bites you but does no damage.
The tarantella touches you but does no damage.
The tarantella touches you!
* * * LOW HITPOINT WARNING * * *
The redback bites you.
* * * LOW HITPOINT WARNING * * *
You closely miss the tarantella.
The tarantella is almost dead.
The tarantella touches you.
* * * LOW HITPOINT WARNING * * *
The tarantella touches you.
* * * LOW HITPOINT WARNING * * *
You barely miss the tarantella.
The tarantella is almost dead.
The redback misses you.
You mangle the tarantella!!
You kill the tarantella!
Okawaru accepts your kill.
The tarantella touches you but does no damage.
The redback barely misses you.
You scratch the tarantella but do no damage.
The tarantella touches you.
* * * LOW HITPOINT WARNING * * *
You're too confused to move!
The redback bites you!
* * * LOW HITPOINT WARNING * * *
The tarantella touches you.
* * * LOW HITPOINT WARNING * * *
You are more confused.
The redback bites you but does no damage.
The barbed spikes dig painfully into your body as you move.
* * * LOW HITPOINT WARNING * * *
The tarantella touches you.
* * * LOW HITPOINT WARNING * * *
The redback bites you!
You die...

###....##..............
....#..^............... #
.†...........##.......#
.# ..†....#..#........^.#
#.# .#.................#
..#
.#.##.........#...####..#
###.#.#..........###..# #
##...#..(....)......##
#..#...##...s@s.........
#.....###...#.#..###....
##....# ###......^....#..
# ##..##
#†.†............. ## #.##
#†###.#........#B .## ###
##.#....#.#..... ..##
##s......##.. ##.##
##..#...# ###.##
#.........


You could see a tarantella and a redback.

Vanquished Creatures
  Jorgrun (D:15)
  A juggernaut zombie (D:15)
  Nessos (Orc:2)
  An entropy weaver (Spider:1)
  A fire dragon (Lair:6)
  Josephine (D:10)
  A rakshasa (D:14)
  2 boulder beetles
  Harold (D:8)
  A vault guard (D:14)
  7 hydras
  A catoblepas (D:14)
  8 two-headed ogres
  7 centaur warriors
  2 ogre magi (D:15)
  A death scarab (Spider:1)
  2 tengu warriors (D:15)
  Urug (D:12)
  3 skeletal warriors
  2 pharaoh ants (Spider:1)
  2 steelbarb worms (Spider:1)
  A goliath frog (shapeshifter) (D:14)
  3 wizards (D:14)
  5 orc knights
  Pikel (D:8)
  A lindwurm (Lair:6)
  3 necromancers
  2 deep elf pyromancers (D:14)
  A phantasmal warrior (D:15)
  An oklob plant (Orc:2)
  2 wolf spiders
  A fire giant zombie (D:15)
  11 ugly things
  10 cyclopes
  An orc sorcerer (Orc:1)
  3 manticores
  3 molten gargoyles (Lair:6)
  4 black mambas
  17 cane toads
  3 gargoyles
  2 cane toads (shapeshifter) (D:13)
  2 demonic crawlers (Spider:1)
  An efreet (D:14)
  A yaktaur (D:14)
  11 komodo dragons
  An unseen horror (shapeshifter) (D:14)
  A tengu conjurer (D:14)
  2 freezing wraiths (D:14)
  A rime drake (Lair:3)
  A polar bear (Lair:2)
  3 meliai
  5 tarantellas (Spider:1)
  9 trolls
  Grinder (D:3)
  9 slime creatures
  2 hornets
  Prince Ribbit (D:5)
  10 blink frogs
  An ettin zombie (D:15)
  A spriggan zombie (D:15)
  8 jumping spiders
  3 centaur simulacra (D:14)
  A spriggan (Lair:6)
  Sigmund (D:2)
  A vampire (D:9)
  4 culicivoras (Spider:1)
  4 water elementals (D:15)
  5 wyverns
  4 wraiths
  20 humans (D:14)
  65 yaks
  A human (shapeshifter) (D:14)
  A basilisk (shapeshifter) (D:14)
  4 steam dragons
  11 redbacks
  7 vampire mosquitoes
  4 basilisks
  Menkaure (D:6)
  A death yak simulacrum (Lair:2)
  5 wargs
  An acid dragon (D:10)
  Duvessa (D:6)
  12 water moccasins
  3 hell hounds (Lair:6)
  36 orc warriors
  A sky beast (D:7)
  2 ice beasts
  2 necrophages
  3 black bears
  7 ogres
  52 wolves
  2 phantoms
  25 centaurs
  Blork the orc (D:5)
  6 bullfrogs
  3 kobold brigands
  2 scorpions
  3 gnoll sergeants
  A water moccasin zombie (D:5)
  A wyvern skeleton (D:7)
  2 water moccasin skeletons
  Dowan (D:6)
  14 killer bees
  3 howler monkeys
  10 wights
  3 electric eels (D:15)
  4 lava snakes (Lair:6)
  4 centaur zombies
  2 jellies
  A bullfrog skeleton (D:7)
  16 orc priests
  7 hounds
  6 iguanas
  29 orc wizards
  A killer bee zombie (D:7)
  9 adders
  12 gnolls
  A howler monkey skeleton (D:7)
  A shadow imp (D:6)
  An ufetubus (D:6)
  An adder skeleton (D:4)
  A dart slug (D:1)
  5 worms
  72 orcs
  13 endoplasms
  4 giant cockroaches
  10 goblins
  16 hobgoblins
  2 jackals (D:2)
  17 kobolds
  4 quokkas
  7 ball pythons
  9 bats
  5 frilled lizards
  6 rats
799 creatures vanquished.

Vanquished Creatures (others)
  A manticore (D:14)
  An orc (Orc:2)
  20 fungi
  80 plants
  A withered plant (D:15)
103 creatures vanquished.

Grand Total: 902 creatures vanquished

Notes
Turn   | Place    | Note
-------+----------+-------------------------------------------
     0 | D:1      | mcbry74 the Troll Gladiator began the quest for the Orb.
     0 | D:1      | Reached XP level 1. HP: 19/19 MP: 0/0
   137 | D:1      | Reached XP level 2. HP: 27/27 MP: 1/1
   311 | D:1      | Reached skill level 4 in Unarmed Combat
   332 | D:1      | Reached XP level 3. HP: 33/33 MP: 2/2
   393 | D:1      | Found a faded altar of an unknown god.
   828 | D:2      | Reached skill level 1 in Transmutations
  1087 | D:2      | Reached XP level 4. HP: 41/41 MP: 3/3
  1095 | D:2      | Learned a level 2 spell: Wereblood
  1596 | D:2      | Noticed Sigmund
  2167 | D:3      | Noticed Grinder
  2190 | D:3      | Paralysed by Grinder for 6 turns
  2272 | D:2      | Killed Sigmund
  2273 | D:2      | Reached skill level 1 in Shields
  2273 | D:2      | Reached skill level 5 in Unarmed Combat
  2273 | D:2      | Reached XP level 5. HP: 48/48 MP: 4/4
  2273 | D:2      | Reached XP level 6. HP: 55/55 MP: 5/5
  2949 | D:3      | Paralysed by Grinder for 3 turns
  2970 | D:3      | Killed Grinder
  2971 | D:3      | Reached skill level 6 in Unarmed Combat
  3409 | D:4      | Reached XP level 7. HP: 40/62 MP: 1/6
  3953 | D:4      | Reached skill level 7 in Unarmed Combat
  4344 | D:4      | Found a snail-covered altar of Cheibriados.
  4534 | D:4      | Found an ancient bone altar of Kikubaaqudgha.
  4564 | D:5      | Entered Level 5 of the Dungeon
  4613 | D:5      | Noticed Blork the orc
  4619 | D:5      | Killed Blork the orc
  4620 | D:5      | Reached XP level 8. HP: 67/70 MP: 7/7
  4763 | D:5      | Reached skill level 8 in Unarmed Combat
  4864 | D:5      | Found a staircase to the Ecumenical Temple.
  4873 | Temple   | Entered the Ecumenical Temple
  5058 | Temple   | Became a worshipper of Warmaster Okawaru
  5535 | D:5      | Noticed Prince Ribbit
  5592 | D:5      | Killed Prince Ribbit
  5592 | D:5      | Reached * piety under Okawaru
  5673 | D:5      | Reached skill level 9 in Unarmed Combat
  5673 | D:5      | Reached XP level 9. HP: 76/76 MP: 8/8
  5898 | D:5      | Found a glowing silver altar of Zin.
  5898 | D:5      | Found a glowing golden altar of the Shining One.
  5898 | D:5      | Found a white marble altar of Elyvilon.
  6214 | D:6      | Noticed Menkaure
  6222 | D:6      | Killed Menkaure
  6634 | D:6      | Noticed Duvessa
  6634 | D:6      | Noticed Dowan
  6638 | D:6      | Killed Duvessa
  6639 | D:6      | Reached skill level 5 in Shields
  6647 | D:6      | Killed Dowan
  6699 | D:6      | Reached skill level 10 in Unarmed Combat
  6778 | D:6      | Reached ** piety under Okawaru
  6845 | D:6      | Reached skill level 5 in Transmutations
  6974 | D:6      | Identified the +2 robe of Gravity {Int+2 Stlth+}
  7498 | D:7      | Reached XP level 10. HP: 72/85 MP: 9/9
  7570 | D:7      | Reached *** piety under Okawaru
  7748 | D:7      | Reached skill level 11 in Unarmed Combat
  8160 | D:8      | Reached skill level 1 in Maces & Flails
  8249 | D:8      | Found a sparkling altar of Nemelex Xobeh.
  8315 | D:8      | Identified the +2 pair of gloves "Minoz" {rF+}
  8436 | D:8      | Reached **** piety under Okawaru
  8573 | D:8      | Noticed Harold
  8583 | D:8      | Killed Harold
  8583 | D:8      | Received a gift from Okawaru
  8584 | D:8      | Reached skill level 12 in Unarmed Combat
  8814 | D:8      | Noticed Pikel
  8826 | D:8      | Killed Pikel
  8932 | D:8      | Reached ***** piety under Okawaru
  9175 | D:9      | Reached XP level 11. HP: 75/88 MP: 8/10
  9236 | D:9      | Noticed a two-headed ogre
  9258 | D:9      | Killed a two-headed ogre
  9818 | D:9      | HP: 1/92 [yak (8)]
 10171 | D:9      | Noticed a necromancer
 10184 | D:9      | Killed a necromancer
 10185 | D:9      | Reached skill level 13 in Unarmed Combat
 10313 | D:10     | Entered Level 10 of the Dungeon
 10315 | D:10     | Found a staircase to the Lair.
 10434 | D:10     | Received a gift from Okawaru
 10600 | D:10     | Found a radiant altar of Vehumet.
 10779 | D:10     | Found a shimmering altar of Xom.
 10916 | D:10     | Reached skill level 5 in Maces & Flails
 11079 | D:10     | Identified a scroll of acquirement
 11080 | D:10     | Acquired the amulet "Pul Irak" {rN+ Will+ Regen+ Dex+2
                  | Stlth-}
 11161 | Lair:1   | Entered Level 1 of the Lair of Beasts
 11170 | Lair:1   | Reached skill level 1 in Armour
 11372 | Lair:1   | Received a gift from Okawaru
 11373 | Lair:1   | Reached skill level 1 in Invocations
 11381 | Lair:1   | Reached skill level 1 in Evocations
 11531 | Lair:1   | Reached ****** piety under Okawaru
 11532 | Lair:1   | Reached XP level 12. HP: 101/101 MP: 10/12
 11573 | Lair:1   | Identified the +9 glaive of Integrity {vorpal, rF+ SInv}
                  | (Okawaru gifted it to you on level 1 of the Lair of Beasts)
 11573 | Lair:1   | Received a gift from Okawaru
 12305 | Lair:2   | Found a frozen archway.
 12326 | IceCv    | Entered an ice cave
 13058 | Lair:3   | Found a hazy altar of Hepliaklqana.
 13350 | Lair:3   | Received a gift from Okawaru
 13399 | Lair:3   | Reached skill level 14 in Unarmed Combat
 13544 | Lair:3   | Found a staircase to the Shoals.
 14359 | Lair:4   | Found a hole to the Spider Nest.
 14919 | Lair:5   | Reached XP level 13. HP: 100/113 MP: 14/14
 15059 | Lair:5   | Identified the +2 cloak of Tenacity {rN+ Str-2 Dex+2}
                  | (Okawaru gifted it to you on level 5 of the Lair of Beasts)
 15059 | Lair:5   | Received a gift from Okawaru
 15556 | Lair:5   | Found a runed translucent door.
 15556 | Lair:5   | Found a viscous altar of Jiyva.
 15557 | Lair:5   | Found a staircase to the Slime Pits.
 15557 | Lair:5   | Noticed an acid blob
 15557 | Lair:5   | Noticed an acid blob
 15557 | Lair:5   | Noticed an acid blob
 15852 | Lair:6   | Entered Level 6 of the Lair of Beasts
 16820 | Lair:6   | Found a large runed translucent door.
 16821 | Lair:6   | Found a large runed translucent door.
 16831 | Lair:6   | Reached skill level 5 in Fighting
 16896 | Lair:6   | Received a gift from Okawaru
 16955 | Lair:6   | Noticed a fire dragon
 17031 | Lair:6   | Killed a fire dragon
 17131 | Lair:6   | Received a gift from Okawaru
 17915 | D:11     | Noticed Josephine
 17951 | D:10     | Killed Josephine
 17952 | D:10     | Reached XP level 14. HP: 122/125 MP: 13/15
 18380 | D:11     | Received a gift from Okawaru
 18388 | D:11     | Identified the +7 whip of the Beginning {vorpal, Fly rF++
                  | Int-4}
 18410 | D:11     | Reached skill level 5 in Throwing
 18779 | D:12     | Reached skill level 5 in Evocations
 18804 | D:12     | Noticed Urug
 18814 | D:12     | Killed Urug
 18836 | D:12     | Found Pathok's Armour Emporium.
 18837 | D:12     | Found a staircase to the Orcish Mines.
 18903 | D:12     | Bought a +1 kite shield of fire resistance for 231 gold
                  | pieces
 18903 | D:12     | Bought a +1 kite shield of protection for 231 gold pieces
 19238 | D:12     | Gained mutation: Your muscles are strong. (Str +2) [potion
                  | of mutation]
 19238 | D:12     | Gained mutation: Your mind is acute. (Int +2) [potion of
                  | mutation]
 19527 | Orc:1    | Entered Level 1 of the Orcish Mines
 19753 | Orc:2    | Entered Level 2 of the Orcish Mines
 19840 | Orc:2    | Reached skill level 1 in Earth Magic
 20386 | Orc:2    | Received a gift from Okawaru
 20532 | Orc:2    | Found a staircase to the Elven Halls.
 20618 | Orc:2    | Found a burning altar of Makhleb.
 20697 | Orc:2    | Found Jotub's Weapon Emporium.
 20811 | Orc:2    | Found Dyir's Antique Armour Emporium.
 20914 | Orc:2    | Noticed Nessos
 20926 | Orc:2    | Killed Nessos
 21074 | Orc:2    | Found Plog's Magic Scroll Emporium.
 21074 | Orc:2    | Found Yzaxtem's Antique Armour Shop.
 21076 | Orc:2    | Found Lemeiffo's Jewellery Boutique.
 21078 | Orc:2    | Found Tevecwuv's Distillery.
 21082 | Orc:2    | Bought a scroll of teleportation for 42 gold pieces
 21082 | Orc:2    | Bought a scroll of blinking for 105 gold pieces
 21082 | Orc:2    | Bought a scroll of blinking for 105 gold pieces
 21085 | Orc:2    | Bought the ring "Zoutoep" {Dex+2 SInv} for 419 gold pieces
 21092 | Orc:2    | Bought a potion of heal wounds for 75 gold pieces
 21092 | Orc:2    | Bought a potion of heal wounds for 75 gold pieces
 21199 | Orc:2    | Found Xizxat's Distillery.
 21224 | Orc:2    | Found Duttitam's Armour Shop.
 21820 | D:13     | Reached skill level 5 in Dodging
 22024 | D:13     | Found Bidot's Assorted Antiques.
 22032 | D:13     | Bought a wand of paralysis (4) for 56 gold pieces
 22032 | D:13     | Bought a potion of heal wounds for 140 gold pieces
 22032 | D:13     | Bought a scroll of teleportation for 84 gold pieces
 22032 | D:13     | Bought a scroll of teleportation for 84 gold pieces
 23047 | D:14     | Reached skill level 5 in Invocations
 23518 | D:14     | Found a gate to the Vaults.
 23535 | D:14     | Reached XP level 15. HP: 99/136 MP: 13/17
 23542 | D:14     | Received a gift from Okawaru
 23765 | D:14     | Received a gift from Okawaru
 23765 | D:14     | Identified the +6 flail of Magnificence {holy, rN+ Str+2
                  | Stlth+}
 23779 | D:14     | Reached skill level 5 in Armour
 23982 | D:14     | Learned a level 2 spell: Passwall
 23989 | D:14     | Reached skill level 15 in Unarmed Combat
 24009 | D:14     | Received a gift from Okawaru
 24282 | D:15     | Entered Level 15 of the Dungeon
 24574 | D:15     | Noticed Jorgrun
 24586 | D:15     | Killed Jorgrun
 24890 | D:15     | Found a staircase to the Depths.
 24981 | D:15     | Reached skill level 5 in Earth Magic
 25427 | D:15     | Received a gift from Okawaru
 26113 | Spider:1 | Entered Level 1 of the Spider Nest
 26718 | Spider:1 | Reached XP level 16. HP: 65/144 MP: 12/20
 26748 | Spider:1 | Slain by a redback

Illustrated notes

Levels and vault maps discovered:
D:1:      erik_arrival_orb_chamber, layout_loops_ring,
          hellmonk_ecumenical_altar_inner_sanctum
D:2:      layout_loops_corners, serial_forest, infiniplex_forest_zigzag_2,
          infiniplex_forest_clump_double, infiniplex_forest_clump_long,
          infiniplex_forest_corner_1, infiniplex_forest_straight_2,
          infiniplex_forest_clump_curved, infiniplex_forest_lined_2,
          infiniplex_forest_end_2, uniq_sigmund
D:3:      layout_basic, uniq_grinder
D:4:      layout_basic, lemuel_coloured_pillars_altar,
          mainiacjoe_overflow_alcove_2, minmay_pentangle
D:5:      layout_cave_pods, good_gods_mini_temple, temple_hall,
          corexii_item_surrounded_by_moat, guppyfry_early_orc_mine,
          uniq_prince_ribbit1, uniq_blork_the_orc
D:6:      layout_basic, uniq_menkaure, uniq_duvessa
D:7:      layout_loops_ring
D:8:      layout_gridville, mainiacjoe_overflow_tiny_flanked,
          grunt_decor_clamped, uniq_pikel, uniq_harold
D:9:      layout_loops_cross, minmay_librarian
D:10:     layout_small_grid, mainiacjoe_overflow_small_starburst,
          mainiacjoe_overflow_alcove_1, david_lair_shrubbed, nooodl_orcs_dogs
D:11:     layout_long_grid, uniq_josephine
D:12:     layout_basic, orc_david_3, uniq_urug
D:13:     layout_long_grid, serial_shops, shop, minmay_misc_feat_columns
D:14:     minmay_the_grid_octo_tiled_squarecenter_mashed
          [minmay_the_grid_octo_pinwheel, minmay_the_grid_octo_thin_diamonds,
          minmay_the_grid_octo_vomiting_pacman, minmay_the_grid_octo_fan_narrow,
          minmay_the_grid_square_5x5_megaprize_open,
          minmay_the_grid_square_5x5_seven,
          minmay_the_grid_square_5x5_sharp_hourglass,
          minmay_the_grid_square_5x5_comb, minmay_the_grid_square_5x5_n],
          layout_irregular_city, grunt_vaults_entry_tiered
D:15:     gammafunk_depths_entry_grave, layout_basic,
          chequers_serial_rivers_small_b, uniq_jorgrun
Temple:   eino_narrow_crystal_temple
Lair:1:   layout_cave_pods
Lair:2:   layout_hall_layers, portal_ice_cave_entry_ice_simulacra
Lair:3:   layout_concentric_octagons, minmay_shoals_entry_centaurs, basic_altar,
          infiniplex_staircase_pool
Lair:4:   layout_hall_layers, hellmonk_spider_entry_not_the_bees,
          chequers_serial_rivers_micro_d
Lair:5:   layout_small_grid, slime_altar_2, grunt_megastairs_3,
          serial_bayou_shore_b
Lair:6:   cheibrodos_lair_end_hotspot, layout_regular_city,
          grunt_forest_large_clearings
Spider:1: layout_spider_delve, special_room [special_room_bee],
          nicolae_spider_checkerboard
Orc:1:    layout_caves
Orc:2:    st_orc_rangers, layout_caves, serial_shops, shop,
          nicolae_lakefront_shop, nicolae_lakefront_shop,
          nicolae_shop_temple_entry_statues_fountains, basic_altar,
          mines3_lemuel, uniq_nessos

Skill      XL: |  1  2  3  4  5  6  7  8  9 10 11 12 13 14 15 16 |
---------------+-------------------------------------------------+-----
Unarmed Combat | 4 5 6 7 9 10 12 13 14 15 | 15.4
Transmutations | 1 2 3 4 5 |  5.5
Shields        | 1 2 3 4 5 6 7 8 9 |  9.6
Maces & Flails | 3 5 7 8 9 |  9.0
Armour         | 1 3 4 6 |  6.3
Invocations    | 1 3 5 6 |  6.9
Fighting       | 2 3 5 6 |  6.0
Evocations     | 1 2 4 5 |  5.0
Dodging        | 4 5 6 7 |  7.0
Throwing       | 4 6 7 |  7.9
Earth Magic    | 3 5 |  5.6

Action                   |  1- 3 |  4- 6 |  7- 9 | 10-12 | 13-15 | 16-18 || total
-------------------------+-------+-------+-------+-------+-------+-------++-------
Melee: Unarmed           |   108 |    99 |   330 |   752 |  1474 |    11 ||  2774
       Punch             |     1 |     2 |    15 |    13 |       |       ||    31
       Flail             |       |       |       |       |   152 |       ||   152
       Whip              |       |       |       |       |    14 |       ||    14
 Fire: Fustibalus        |       |       |       |       |    38 |       ||    38
Throw: Throwing net      |       |     3 |       |       |       |       ||     3
       Dart              |       |       |    15 |     4 |     2 |       ||    21
       Boomerang         |       |       |       |     3 |   131 |       ||   134
       Large rock        |       |       |       |       |    13 |       ||    13
 Cast: Wereblood         |       |     1 |    14 |    22 |    25 |       ||    62
Invok: Heroism           |       |       |     2 |     6 |    22 |       ||    30
       Finesse           |       |       |       |     1 |     6 |       ||     7
  Use: Scroll            |       |       |       |    30 |     9 |     1 ||    40
       Potion            |       |       |       |       |    11 |     6 ||    17
 Stab: Held in net/web   |       |     5 |       |       |       |       ||     5
       Sleeping          |       |     1 |     1 |     2 |       |       ||     4
Armor: Robe              |    35 |    23 |    71 |    56 |       |       ||   185
       Troll leather arm |       |       |       |   101 |   640 |    15 ||   756
Dodge: Dodged            |    79 |    76 |   169 |   343 |   713 |    18 ||  1398
Block: Kite shield       |     3 |     6 |       |   261 |  1123 |     5 ||  1398

Table legend: (Time is in decaauts)
 A = Elapsed time spent in this place.
 B = Non-inter-level travel time spent in this place.
 C = Inter-level travel time spent in this place.
 D = Time resting spent in this place.
 E = Time spent auto-exploring this place.
 F = Levels seen in this place.
 G = Mean time per level.
                   A        B        C        D        E       F      G
               +--------+--------+--------+--------+--------+-----+--------+
         Total |  26323 |  24765 |   1558 |   3095 |  13785 |  26 | 1012.4 |
       Dungeon |  17165 |  16294 |    871 |   2249 |   8905 |  15 | 1144.3 |
        Temple |    193 |    186 |      7 |      0 |    153 |   1 |  193.0 |
          Lair |   6491 |   5887 |    604 |    489 |   3620 |   6 | 1081.8 |
   Spider Nest |    533 |    533 |      0 |     94 |    124 |   1 |  533.0 |
  Orcish Mines |   1930 |   1856 |     74 |    263 |    983 |   2 |  965.0 |
      Ice Cave |      8 |      8 |      0 |      0 |      0 |   1 |    8.0 |
               +--------+--------+--------+--------+--------+-----+--------+

Top non-repeatable levels by time:
    D:14: 1826 daAuts
    D:15: 1581 daAuts
  Lair:6: 1455 daAuts
     D:5: 1416 daAuts
     D:2: 1403 daAuts
     D:9: 1245 daAuts
   Orc:2: 1238 daAuts
     D:4: 1218 daAuts
  Lair:1: 1183 daAuts
    D:10: 1182 daAuts
     D:3: 1112 daAuts
  Lair:3: 1102 daAuts
     D:8: 1083 daAuts
     D:6: 1004 daAuts
  Lair:5: 981 daAuts
